 Dungeon Crawl Stone Soup version 0.14-a0-2443-g5aee772 (webtiles) character file.

75770 MackTheKnife the Warrior (level 15, 0/132 HPs)
             Began as a Human Fighter on Feb 5, 2014.
             Was a High Priest of Okawaru.
             Slain by a nine-headed hydra (1 damage)
             ... on Level 13 of the Dungeon.
             The game lasted 01:16:38 (29219 turns).

MackTheKnife the Warrior (Human Fighter)           Turns: 29219, Time: 01:16:38

HP   0/132       AC 25     Str 17      XL: 15   Next: 91%
MP   0/26        EV  2     Int  9      God: Okawaru [*****.]
Gold 2130        SH  0     Dex 18      Spells:  0 memorised, 14 levels left

rFire  . . .     SeeInvis .     g - +3,+2 executioner's axe (freeze)
rCold  . . .     Clarity  .     c - +4 orc ring mail {rPois}
rNeg   + + +     Conserve .     (no shield)
rPois  +         rCorr    .     y - +2 helmet
rElec  +         rRot     +     j - +0 cloak
SustAb . .       Spirit   +     f - +0 pair of elf gloves
rMut   .         Warding  .     i - +1 pair of boots
Saprov . . .     Stasis   .     N - amulet of guardian spirit
MR     +....                    R - ring of Subebaho {Hunger rElec rPois Dam+5}
                                d - +4 ring of protection

@: petrified, heroism, drained, somewhat resistant to hostile enchantments,
stealthy
A: no striking features
a: Heroism, Finesse, Renounce Religion


You were on level 13 of the Dungeon.
You worshipped Okawaru.
Okawaru was extremely pleased with you.
You were not hungry.

You visited 4 branches of the dungeon, and saw 26 of its levels.
You also visited: Labyrinth, Sewer and Ice Cave.

You collected 2660 gold pieces.
You spent 530 gold pieces at shops.


   Skills:
 - Level 16.7(21.6) Fighting
 + Level 14.5(19.4) Axes
 + Level 8.7(13.6) Armour
 + Level 11.8(16.7) Dodging
   Level 7.0(11.9) Shields
 - Level 8.0(7.9) Invocations


You had 14 spell levels left.
You didn't know any spells.

Inventory:

Hand weapons
 g - a +3,+2 executioner's axe of freezing (weapon)
Armour
 c - a +4 orcish ring mail of poison resistance (worn)
 f - a +0 pair of elven gloves (worn)
 i - a +1 pair of boots (worn)
 j - a +0 cloak (worn)
 y - a +2 helmet (worn)
Magical devices
 b - a wand of cold (5)
 p - a wand of fire (0)
 D - a wand of disintegration (6)
 H - a wand of teleportation (5)
 P - a wand of fire (2)
Comestibles
 q - a choko
 r - 6 slices of pizza
 s - 7 sultanas
 x - 5 meat rations
 z - a royal jelly
 G - 10 pears
 T - 2 bread rations
Scrolls
 a - 3 scrolls of fog
 l - 2 scrolls of blinking
 o - 10 scrolls of remove curse
 t - 2 scrolls of teleportation
 A - a scroll of fear
 B - a scroll of curse weapon {unknown}
Jewellery
 d - a +4 ring of protection (left hand)
 n - the ring "Zidenun" {rF+ rC+}
   (You found it in an ice cave)

   [ring of protection from cold]

   It protects you from fire.
 N - an amulet of guardian spirit (around neck)
 R - the ring of Subebaho (right hand) {Hunger rElec rPois Dam+5}
   (You bought it in a shop on level 4 of the Orcish Mines)

   [ring of hunger]

   It affects your damage with ranged weapons and melee attacks (+5).
   It insulates you from electricity.
   It protects you from poison.
 U - an uncursed ring of protection from magic
Potions
 e - 2 potions of speed
 u - 2 potions of agility
 v - 3 potions of brilliance
 w - 4 potions of magic
 C - 2 potions of restore abilities
 F - a potion of flight
 J - 6 potions of curing
 L - 3 potions of heal wounds
 O - 4 potions of might
 Q - a potion of resistance
 W - 2 potions of invisibility
Miscellaneous
 m - a phial of floods

· ▒·· ▒··▒▒ ▒▒▒▒▒
▒▒▒····· 8····8
▒8·······
······▒▒f········
▒··D···········
▒··k@···········
▒···f··▒▒l··(·······
8···C ▒8(··((·····
▒▒·· ▒▒▒·········▒
▒· ▒▒▒·········▒ ···
▒8··<(······▒
·····▒▒···········▒
▒··D8···········
▒··C8···········


You could see a nine-headed hydra, a hill giant, a basilisk, an active
ballistomycete and a killer bee.


Message History

The nine-headed hydra bites you!
* * * LOW HITPOINT WARNING * * *
The nine-headed hydra bites you!
* * * LOW HITPOINT WARNING * * *
The nine-headed hydra bites you but does no damage.
The basilisk gazes at you.
The killer bee stings you but does no damage.
The killer bee stings you but does no damage.
The nine-headed hydra bites you but does no damage.
The nine-headed hydra bites you.
* * * LOW HITPOINT WARNING * * *
The nine-headed hydra bites you but does no damage.
The nine-headed hydra bites you.
* * * LOW HITPOINT WARNING * * *
The basilisk bites you!
* * * LOW HITPOINT WARNING * * *
The killer bee stings you but does no damage.
A hill giant comes into view. It is wielding a giant club.
The killer bee stings you but does no damage.
The nine-headed hydra bites you!
* * * LOW HITPOINT WARNING * * *
The nine-headed hydra bites you but does no damage.
The nine-headed hydra bites you!
* * * LOW HITPOINT WARNING * * *
The nine-headed hydra bites you.
The nine-headed hydra bites you but does no damage.
The nine-headed hydra bites you!
* * * LOW HITPOINT WARNING * * *
The nine-headed hydra bites you.
You die...

Action                   |  1- 3 |  4- 6 |  7- 9 | 10-12 | 13-15 || total
-------------------------+-------+-------+-------+-------+-------++-------
Melee: Hand axe          |    97 |    42 |       |       |       ||   139
       War axe           |       |   126 |   559 |  1410 |       ||  2095
       Executioner's axe |       |       |       |    54 |  1138 ||  1192
Invok: Heroism           |       |       |     3 |    24 |    24 ||    51
       Finesse           |       |       |       |       |     4 ||     4
Evoke: Wand              |       |     1 |    10 |    15 |    16 ||    42
       Phial of floods   |       |       |       |       |     1 ||     1
  Use: Potion            |     1 |     4 |     5 |     3 |     3 ||    16
       Scroll            |       |     5 |    13 |    15 |    15 ||    48
 Stab: Distracted        |       |       |     1 |       |     2 ||     3
       Sleeping          |       |       |       |     2 |     2 ||     4

Vault maps used:
D:1:      lemuel_arrival_broad_hall, minmay_splitting_lines
D:2:      gammafunk_temple_overflow_wave, uniq_sigmund
D:3:      general_overflow_altar, first_bread, gup_sewer_entry_bowl,
          uniq_grinder, uniq_crazy_yiuf_cottage, uniq_jessica
D:4:      minmay_temple_entry_statues, roderic_batcave, uniq_eustachio
D:5:      minivault_5, hex_large
D:6:      uniq_iyjb, uniq_edmund, uniq_blork_the_orc
D:7:      minitemple, serial_shops, shop_statue, uniq_menkaure, uniq_duvessa
D:9:      lair_0_dummy, grunt_pizzeria, uniq_joseph
D:11:     lab_entry_generic, minmay_misc_feat_x, uniq_erolcha
D:12:     minmay_diamond_stairs, hiddenorc1_lemuel, uniq_josephine
D:13:     minmay_blocking_statues, serial_shops, shop,
          fedhas_bush_and_centaur_altar
Temple:   jpeg_temple_alley_garden_8
Orc:1:    uniq_maurice
Orc:2:    uniq_urug
Orc:3:    nicolae_orc_pool_cavern, uniq_fannar
Orc:4:    serial_shops, shop_fountains, st_orc_open, uniq_erica
Lair:1:   serial_bayou_pond_b
Lair:2:   lemuel_fruit_tree
Lair:4:   serial_forest, infiniplex_forest_straight_2,
          infiniplex_forest_lined_2, infiniplex_forest_lined_ring,
          infiniplex_forest_clump_tiny, infiniplex_forest_lined_3_way,
          infiniplex_forest_clump_medium, eino_house_with_fridge
Lair:5:   spider_nest_entry_rubble, portal_ice_cave_entry_ice_beasts
Lair:6:   minmay_shoals_entry_lonely_mermaid, uniq_harold
Lair:7:   nicolae_slime_entry_corroded_items
Lair:8:   minmay_lair_end_enchanted_forest
Lab:      labyrinth_spiral, nicolae_lab_plus, nicolae_lab_diamond
Sewer:    sewer_ribbit_badplayer
IceCv:    ice_cave_statue_garden_02

Notes
Turn   | Place    | Note
--------------------------------------------------------------
     0 | D:1      | MackTheKnife, the Human Fighter, began the quest for the Orb.
     0 | D:1      | Reached XP level 1. HP: 18/18 MP: 1/1
   217 | D:1      | Reached XP level 2. HP: 24/24 MP: 2/2
   552 | D:1      | Reached skill level 3 in Axes
   593 | D:2      | Reached XP level 3. HP: 8/29 MP: 3/3
   936 | D:2      | Found a sparkling altar of Nemelex Xobeh.
   936 | D:2      | Found a white marble altar of Elyvilon.
  1206 | D:2      | Reached skill level 4 in Axes
  1206 | D:2      | Reached XP level 4. HP: 22/35 MP: 4/4
  1372 | D:2      | Noticed Sigmund
  1660 | D:3      | Noticed Jessica
  1674 | D:3      | Killed Jessica
  2090 | D:3      | Found a basalt altar of Yredelemnul.
  2203 | D:3      | Reached XP level 5. HP: 39/41 MP: 5/5
  2400 | D:3      | Reached skill level 5 in Axes
  2420 | D:3      | Noticed Grinder
  2432 | D:3      | Paralysed by Grinder for 6 turns
  2463 | D:3      | Found a glowing drain.
  2484 | Sewer    | Entered a sewer
  2606 | Sewer    | Reached skill level 6 in Axes
  2606 | Sewer    | Reached XP level 6. HP: 14/47 MP: 6/6
  2950 | Sewer    | Noticed Prince Ribbit
  2963 | Sewer    | Killed Prince Ribbit
  2963 | Sewer    | Reached skill level 7 in Axes
  2963 | Sewer    | Reached XP level 7. HP: 14/52 MP: 7/7
  3469 | D:3      | Paralysed by Grinder for 5 turns
  3475 | D:3      | Paralysed by Grinder for 6 turns
  3650 | D:3      | Noticed Crazy Yiuf
  3660 | D:3      | Killed Crazy Yiuf
  3732 | D:3      | Reached skill level 8 in Axes
  3834 | D:3      | Paralysed by Grinder for 4 turns
  4082 | D:4      | Reached XP level 8. HP: 56/58 MP: 8/8
  4256 | D:4      | Noticed Eustachio
  4366 | D:4      | Killed Eustachio
  4366 | D:4      | Reached skill level 4 in Fighting
  4366 | D:4      | Reached skill level 4 in Shields
  4388 | D:4      | Found a staircase to the Ecumenical Temple.
  4394 | Temple   | Entered the Ecumenical Temple
  4432 | Temple   | Became a worshipper of Warmaster Okawaru
  4946 | D:5      | Entered Level 5 of the Dungeon
  5349 | D:5      | Reached skill level 5 in Fighting
  5369 | D:5      | Paralysed by a giant eyeball for 2 turns
  5405 | D:5      | Reached skill level 5 in Shields
  5482 | D:5      | Reached XP level 9. HP: 48/69 MP: 9/9
  5814 | D:6      | Reached skill level 6 in Fighting
  5817 | D:6      | Acquired Okawaru's first power
  5945 | D:6      | Noticed Edmund
  5976 | D:5      | Killed Edmund
  6073 | D:6      | Reached skill level 6 in Shields
  6582 | D:6      | Noticed Ijyb
  6596 | D:6      | Killed Ijyb
  6716 | D:6      | Noticed Blork the orc
  6735 | D:6      | Killed Blork the orc
  6964 | D:6      | Reached skill level 7 in Fighting
  7246 | D:6      | Reached skill level 7 in Shields
  7987 | D:7      | Found Ceawoj's Book Shop.
  8016 | D:7      | Noticed Menkaure
  8029 | D:7      | Killed Menkaure
  8029 | D:7      | Reached skill level 4 in Armour
  8292 | D:7      | Reached XP level 10. HP: 75/80 MP: 10/10
  8400 | D:7      | Reached skill level 8 in Fighting
  8557 | D:7      | Reached skill level 5 in Armour
  9009 | D:7      | Found a shadowy altar of Dithmengos.
  9010 | D:7      | Found a shimmering altar of Xom.
  9010 | D:7      | Found a blossoming altar of Fedhas.
  9011 | D:7      | Found a glowing golden altar of the Shining One.
  9020 | D:7      | Found a glowing silver altar of Zin.
  9331 | D:7      | Noticed Duvessa
  9331 | D:7      | Noticed Dowan
  9349 | D:7      | Killed Dowan
  9354 | D:7      | Killed Duvessa
  9443 | D:7      | Reached skill level 6 in Armour
  9897 | D:8      | Reached skill level 9 in Fighting
 10331 | D:8      | Reached skill level 9 in Axes
 11227 | D:9      | Found a staircase to the Lair.
 11330 | D:9      | Reached skill level 10 in Axes
 11416 | D:9      | Reached XP level 11. HP: 80/89 MP: 11/11
 11806 | D:9      | Noticed Joseph
 11829 | D:9      | Killed Joseph
 11829 | D:9      | Reached skill level 11 in Axes
 11953 | D:10     | Entered Level 10 of the Dungeon
 12020 | D:10     | Reached skill level 2 in Dodging
 12108 | D:10     | Reached skill level 3 in Dodging
 12567 | Lair:1   | Entered Level 1 of the Lair of Beasts
 12604 | Lair:1   | Reached skill level 4 in Dodging
 12672 | Lair:1   | Reached skill level 5 in Dodging
 12980 | Lair:1   | Reached skill level 6 in Dodging
 13439 | Lair:1   | Noticed a seven-headed hydra
 13522 | Lair:1   | Reached skill level 7 in Dodging
 14005 | Lair:2   | Noticed a six-headed hydra
 14164 | Lair:2   | Reached skill level 8 in Dodging
 14164 | Lair:2   | Reached XP level 12. HP: 52/95 MP: 12/12
 14583 | Lair:2   | Reached skill level 9 in Dodging
 14609 | Lair:2   | Acquired Okawaru's second power
 14836 | Lair:2   | Received a gift from Okawaru
 14837 | Lair:2   | Got an iridescent dagger {god gift}
 15649 | Lair:3   | Reached skill level 10 in Dodging
 16424 | Lair:3   | Reached skill level 10 in Fighting
 16833 | Lair:4   | Reached skill level 12 in Axes
 17228 | Lair:4   | Received a gift from Okawaru
 17750 | Lair:5   | Found a frozen archway.
 17791 | IceCv    | Entered an ice cave
 17805 | IceCv    | Reached XP level 13. HP: 103/103 MP: 13/13
 17897 | IceCv    | Reached skill level 13 in Axes
 18049 | IceCv    | Got a flickering iron ring
 18065 | IceCv    | Identified the ring "Zidenun" {rF+ rC+} (You found it in an ice cave)
 18624 | Lair:5   | Noticed a death yak
 18625 | Lair:5   | Noticed a death yak
 18638 | Lair:5   | Noticed a death yak
 18639 | Lair:5   | Noticed a death yak
 18650 | Lair:5   | Killed a death yak
 18650 | Lair:5   | Reached skill level 1 in Invocations
 18689 | Lair:5   | Killed a death yak
 18689 | Lair:5   | Reached skill level 11 in Fighting
 18689 | Lair:5   | Reached skill level 2 in Invocations
 18695 | Lair:5   | Killed a death yak
 18695 | Lair:5   | Reached skill level 3 in Invocations
 18943 | Lair:5   | Killed a death yak
 19031 | Lair:5   | Found a hole to the Spider Nest.
 19536 | Lair:5   | Reached skill level 4 in Invocations
 19900 | Lair:6   | Reached skill level 12 in Fighting
 19911 | Lair:6   | Received a gift from Okawaru
 20002 | Lair:6   | Reached skill level 5 in Invocations
 20293 | Lair:6   | Noticed Harold
 20305 | Lair:6   | Killed Harold
 20389 | Lair:6   | Found a staircase to the Shoals.
 20437 | Lair:6   | Reached skill level 6 in Invocations
 20539 | Lair:7   | Reached skill level 13 in Fighting
 20746 | Lair:7   | Reached skill level 7 in Invocations
 20942 | Lair:7   | Reached XP level 14. HP: 93/118 MP: 23/25
 21675 | Lair:7   | Found a staircase to the Slime Pits.
 21720 | Lair:8   | Entered Level 8 of the Lair of Beasts
 21993 | Lair:8   | Reached skill level 8 in Invocations
 22071 | Lair:8   | Reached skill level 14 in Fighting
 22676 | Lair:8   | Reached skill level 15 in Fighting
 22872 | Lair:8   | Received a gift from Okawaru
 23278 | Lair:8   | Reached skill level 16 in Fighting
 23512 | Lair:8   | Got a twisted plate armour
 23536 | Lair:8   | Identified the cursed -5 plate armour of the Moon {rN+ Acc+2} (You found it on level 8 of the Lair of Beasts)
 24065 | Lair:2   | Killed a six-headed hydra
 24470 | D:11     | Found a labyrinth entrance.
 24477 | Lab      | Entered a labyrinth
 24888 | Lab      | Got a shimmering jade ring
 25110 | D:11     | Identified the ring of Tegel {Hunger- -Cast Acc+5 Stlth-} (You found it in a labyrinth)
 25170 | D:11     | Reached XP level 15. HP: 128/132 MP: 26/26
 25183 | D:11     | Noticed Erolcha
 25190 | D:11     | Killed Erolcha
 25366 | D:11     | Noticed letownia's ghost (experienced DjFE)
 25416 | D:11     | Killed letownia's ghost
 25791 | D:12     | Received a gift from Okawaru
 25794 | D:12     | Got an encrusted battleaxe {god gift}
 25812 | D:12     | Identified the +5,+9 battleaxe of Midsummer {chop, *Tele rN+} (Okawaru gifted it to you on level 12 of the Dungeon)
 25870 | D:12     | Reached skill level 7 in Armour
 26163 | D:12     | Noticed Josephine
 26173 | D:12     | Killed Josephine
 26178 | D:12     | Reached skill level 11 in Dodging
 26440 | D:12     | Found a staircase to the Orcish Mines.
 26449 | Orc:1    | Entered Level 1 of the Orcish Mines
 26458 | Orc:1    | Noticed Maurice
 26462 | Orc:1    | Killed Maurice
 26469 | Orc:1    | Reached skill level 14 in Axes
 26836 | Orc:2    | Noticed Urug
 26850 | Orc:2    | Killed Urug
 27335 | Orc:3    | Found a staircase to the Elven Halls.
 27501 | Orc:4    | Entered Level 4 of the Orcish Mines
 27738 | Orc:4    | Found Raexkian's Jewellery Shop.
 27755 | Orc:4    | Received a gift from Okawaru
 27784 | Orc:4    | Reached skill level 8 in Armour
 27801 | Orc:4    | Found Brulug's Jewellery Shoppe.
 27834 | Orc:4    | Paralysed by an ogre mage for 5 turns
 28050 | Orc:4    | Noticed Erica
 28057 | Orc:4    | Killed Erica
 28124 | Orc:4    | Bought a cursed ring of hunger for 30 gold pieces
 28128 | Orc:4    | Found Mecvipt's Food Boutique.
 28130 | Orc:4    | Found Xaivi's Food Boutique.
 28133 | Orc:4    | Bought the ring of Subebaho {Hunger rElec rPois Dam+5} for 500 gold pieces
 28423 | Orc:4    | Found Milaem Ephu's Food Shop.
 29218 | D:13     | HP: 12/132 [basilisk (3)]
 29219 | D:13     | HP: 1/132 [nine-headed hydra (6)]
 29219 | D:13     | Slain by a nine-headed hydra

Vanquished Creatures
  A minotaur (Lab)
  2 yaktaur captains
  2 ogre magi (Orc:4)
  Harold (Lair:6)
  Josephine (D:12)
  2 hydras
  Erica (Orc:4)
  7 death yaks
  The ghost of letownia the Arsonist, an experienced DjFE of Makhleb (D:11)
  Urug (Orc:2)
  An iron troll (D:12)
  An orc knight (Orc:3)
  2 deep trolls (Orc:4)
  3 ice statues (IceCv)
  6 hill giants
  Erolcha (D:11)
  Joseph (D:9)
  2 orc sorcerers
  A necromancer (Lair:4)
  4 cyclopes
  2 black mambas
  Maurice (Orc:1)
  A spriggan druid (Lair:8)
  4 elephants (Lair:7)
  12 spiny frogs
  A mermaid (Lair:6)
  A guardian serpent (shapeshifter) (D:12)
  7 komodo dragons
  9 trolls
  10 spriggans (Lair:8)
  A hydra skeleton (D:12)
  7 giant fireflies (Lair:8)
  8 two-headed ogres
  Prince Ribbit (Sewer)
  32 blink frogs
  A redback (Lair:5)
  8 grizzly bears
  3 basilisks
  A wyvern (Lair:8)
  23 yaks
  A griffon skeleton (D:12)
  Eustachio (D:4)
  An elephant slug (Lair:5)
  3 hungry ghosts
  7 ugly things
  10 hippogriffs
  A deep elf fighter (D:9)
  A mottled dragon (D:12)
  Edmund (D:5)
  Menkaure (D:7)
  31 wolves
  7 porcupines
  13 orc warriors
  7 black bears
  A freezing wraith (D:12)
  19 ice beasts
  3 sky beasts
  5 phantoms
  A giant goldfish (D:6)
  26 ogres
  5 centaurs
  A big kobold (D:9)
  Duvessa (D:7)
  10 crocodiles
  4 wargs
  8 giant slugs
  21 giant frogs
  Blork the orc (D:6)
  A gnoll sergeant (D:7)
  3 agate snails
  18 water moccasins
  A troll zombie (D:9)
  A hippogriff zombie (D:7)
  A vampire bat (D:4)
  4 jellies
  10 wights (D:11)
  A centaur zombie (D:9)
  5 crimson imps
  3 goliath beetles
  Dowan (D:7)
  An iron imp (D:4)
  A basilisk zombie (D:11)
  A two-headed ogre zombie (Orc:4)
  Crazy Yiuf (D:3)
  19 orc priests
  9 hounds
  A two-headed ogre skeleton (D:11)
  5 worker ants
  4 scorpions
  6 grizzly bear simulacra (Lair:4)
  18 orc wizards
  6 iguanas
  20 sheep
  Ijyb (D:6)
  Jessica (D:3)
  A mottled dragon zombie (D:12)
  3 ogre skeletons
  A mummy (D:10)
  An orc zombie (D:12)
  55 green rats
  8 giant centipedes
  17 gnolls
  23 adders
  4 giant mites
  2 shadow imps (D:4)
  2 hound simulacra (Lair:4)
  An inept feature mimic (D:9)
  2 goliath beetle zombies
  3 worms
  An ufetubus (D:4)
  A giant centipede zombie (D:12)
  A giant eyeball (D:5)
  7 giant geckos
  An ooze (D:6)
  124 orcs
  2 sheep simulacra (Lair:4)
  10 ball pythons
  23 hobgoblins
  24 jackals
  9 quokkas
  27 bats
  5 giant cockroaches
  A giant gecko skeleton (D:6)
  A giant gecko zombie (D:7)
  5 giant newts
  22 goblins
  19 kobolds
  A quokka skeleton (D:8)
  A quokka zombie (D:9)
  17 rats
  A rat simulacrum (Lair:4)
  15 ballistomycetes (D:8)
  10 fungi
  14 plants
973 creatures vanquished.

Vanquished Creatures (collateral kills)
  A death yak (Lair:5)
1 creature vanquished.

Vanquished Creatures (others)
  3 giant spores
  A ballistomycete (D:8)
  5 fungi
  8 plants
17 creatures vanquished.

Grand Total: 991 creatures vanquished
